 Dungeon Crawl Stone Soup version 0.29.1-1-gd02db6906a (webtiles) character file.

Game seed: 14831759384240643606

195 xian the Gusty (level 5, 0/35 HPs)
             Began as a Demonspawn Air Elementalist on Oct 1, 2022.
             Slain by a gnoll
             ... wielding a +0 whip
              (5 damage)
             ... on level 3 of the Dungeon.
             The game lasted 00:07:45 (3645 turns).

xian the Gusty (Demonspawn Air Elementalist)        Turns: 3645, Time: 00:07:46

Health: 0/35       AC:  3    Str:  8    XL:     5   Next: 45%
Magic:  0/10       EV: 11    Int: 19    God:
Gold:   168        SH:  0    Dex: 13    Spells: 5/11 levels left

rFire   . . .      SeeInvis .   v - +2 dagger (freeze)
rCold   . . .      Faith    .   (no shield)
rNeg    . . .      Spirit   .   x - +0 leather armour
rPois   .          Reflect  .   (helmet restricted)
rElec   .          Harm     .   (no cloak)
rCorr   .          Rampage  .   (no gloves)
Will    .....                   (no boots)
Stlth   ++........              l - amulet of the acrobat
HPRegen 0.11/turn               (no ring)
MPRegen 0.12/turn               (no ring)

@: no status effects
A: horns 1, powered by pain 1
a: no special abilities


You were on level 3 of the Dungeon.
You visited 1 branch of the dungeon, and saw 3 of its levels.

You collected 168 gold pieces.

Inventory:

Hand Weapons
 n - a +0 dagger of venom
 v - a +2 dagger of freezing (weapon)
Missiles
 e - 4 boomerangs
Armour
 x - a +0 leather armour (worn)
Jewellery
 l - an amulet of the acrobat (around neck)
Scrolls
 c - a scroll of fog {unknown}
 d - a scroll of identify {unknown}
 h - a scroll of magic mapping {unknown}
 i - a scroll of enchant weapon {unknown}
 o - a scroll of poison {unknown}
 q - a scroll of teleportation {unknown}
 r - a scroll of blinking {unknown}
 s - a scroll of fear {unknown}
 w - a scroll of vulnerability {unknown}
Potions
 b - a potion of magic
 f - 3 potions of attraction {unknown}
 g - 2 potions of flight {unknown}
 j - 2 potions of berserk rage {unknown}
 k - a potion of invisibility {unknown}
 m - a potion of degeneration {unknown}
 p - a potion of curing {unknown}
 t - a potion of cancellation {unknown}
 u - 2 potions of might {unknown}


   Skills:
 + Level 0.7 Short Blades
 + Level 0.1 Throwing
 + Level 0.5 Armour
 + Level 2.3 Dodging
 + Level 1.9 Stealth
 + Level 3.6 Spellcasting
 + Level 1.9 Conjurations
 + Level 3.7 Air Magic


You had 5 spell levels left.
You knew the following spells:

 Your Spells              Type           Power      Damage    Failure   Level
a - Shock                 Conj/Air       56%        1d6       6%          1
b - Static Discharge      Conj/Air       14%        3-5/arc   10%         2
c - Swiftness             Air            17%        N/A       13%         3

Your spell library contained the following spells:

 Spells                   Type           Power      Damage    Failure   Level
 Airstrike                Air            8%         2d(2-18)  41%         4
 Gell's Gravitas          Tloc           3%         N/A       52%         3
 Lesser Beckoning         Tloc           3%         N/A       52%         3
 Teleport Other           Tloc           3%         N/A       52%         3


Dungeon Overview and Level Annotations

Branches:
Dungeon (3/15)

Altars:


Innate Abilities, Weirdness & Mutations

You have a pair of small horns on your head.
You sometimes gain a little power by taking damage.


Message History

You kill the goblin!
The zap hits the gnoll.
The gnoll is heavily wounded.
Unknown command.
The zap hits the gnoll.
The gnoll is heavily wounded.
The zap hits the gnoll.
The gnoll is heavily wounded.
Unknown command.
You barely miss the gnoll.
The gnoll is heavily wounded.
The gnoll hits you with a +0 whip.
Unknown command.
You hit the gnoll. You freeze the gnoll. Your headbutt misses the gnoll.
The gnoll is heavily wounded.
The gnoll hits you from afar with a +0 spear.
The gnoll hits you with a +0 whip.
You see here 5 stones.
You are too injured to fight recklessly!
Unknown command.
Aiming: Shock (safe; 6% risk of failure)
Press: ? - help, Q - select action, (/) - cycle Shift-Dir - straight line, f/p - gnoll
Aim: a gnoll, wielding a +0 whip (heavily wounded, 75% to hit)
The zap hits the gnoll.
The gnoll is severely wounded.
The zap hits the gnoll.
The gnoll is almost dead.
The gnoll hits you with a +0 whip!
* * * LOW HITPOINT WARNING * * *
Unknown command.
Aiming: Shock (safe; 6% risk of failure)
Press: ? - help, Q - select action, (/) - cycle Shift-Dir - straight line, f/p - gnoll
Aim: a gnoll, wielding a +0 whip (severely wounded, 75% to hit)
The zap hits the gnoll.
The gnoll is almost dead.
The zap misses the gnoll.
The gnoll hits you from afar with a +0 spear.
* * * LOW HITPOINT WARNING * * *
The gnoll hits you with a +0 whip.
You die...

#.# #.###.# #.# #.# #.#
#.# #.# #.# #.# #.# #.#
#.# #.# #.# #.## #.# #.#
#######..###.# #.#
#.))))).#....###.###
#.####.#...gg@.....# #.#
#....######.#.###.### .g#
###..######)........#
#g.# ##.##...........#.#
#...#####.).#.#####.#####
..........#)...# #.#
....#####...#..# #.#
##.##..# #.# #.##..# #.#


You could see 2 gnolls.

Vanquished Creatures
  A hound (D:3)
  5 gnolls (D:3)
  4 adders
  2 worms
  4 dart slugs
  An orc (D:3)
  3 ball pythons
  5 endoplasms
  4 giant cockroaches
  8 goblins
  5 hobgoblins
  4 jackals (D:2)
  3 quokkas
  6 bats
  5 frilled lizards
  2 kobolds
  3 rats
65 creatures vanquished.

Vanquished Creatures (others)
  7 plants (D:3)
7 creatures vanquished.

Grand Total: 72 creatures vanquished

Notes
Turn   | Place    | Note
-------+----------+-------------------------------------------
     0 | D:1      | xian the Demonspawn Air Elementalist began the quest for
                  | the Orb.
     0 | D:1      | Reached XP level 1. HP: 13/13 MP: 3/3
     1 | D:1      | Noticed an electric eel
   690 | D:1      | Gained mutation: You have a pair of small horns on your
                  | head. [demonic ancestry]
   690 | D:1      | Reached XP level 2. HP: 19/19 MP: 0/5
  1560 | D:2      | Reached XP level 3. HP: 24/24 MP: 1/6
  1581 | D:1      | Learned a level 2 spell: Static Discharge
  1585 | D:1      | Learned a level 3 spell: Swiftness
  2322 | D:2      | Found a faded altar of an unknown god.
  2590 | D:2      | Gained mutation: You sometimes gain a little power by
                  | taking damage. [demonic ancestry]
  2590 | D:2      | Reached XP level 4. HP: 25/30 MP: 4/8
  3330 | D:3      | Reached XP level 5. HP: 26/35 MP: 2/10
  3645 | D:3      | Slain by a gnoll

Illustrated notes

Levels and vault maps discovered:
D:1:      arrival_aquarium_a, layout_loops_ring
D:2:      layout_basic, hellmonk_ecumenical_altar_leap_of_faith
D:3:      layout_loops_ring, nicolae_overflow_hidden_temple, serial_bayou_pond_a

Skill      XL: |  1  2  3  4 |
---------------+-------------+-----
Dodging        | 2 |  2.3
Air Magic      | 3 |  3.7
Spellcasting   | 3 |  3.6
Short Blades   | |  0.7
Throwing       | |  0.1
Armour         | |  0.5
Stealth        | |  1.9
Conjurations   | |  1.9

Action                   |  1- 3 |  4- 6 || total
-------------------------+-------+-------++-------
Melee: Unarmed           |     6 |       ||     6
       Club              |     2 |       ||     2
       Dagger            |    23 |    27 ||    50
       Headbutt          |     8 |     2 ||    10
Throw: Boomerang         |     6 |       ||     6
 Cast: Shock             |    88 |    40 ||   128
       Static Discharge  |     2 |     8 ||    10
Armor: Robe              |     4 |     1 ||     5
       Leather armour    |       |     3 ||     3
Dodge: Dodged            |    33 |    25 ||    58
